 Dungeon Crawl Stone Soup version 0.30-a0-54-g2e61a25929 (webtiles) character file.

Game seed: 2077193283488972746

58 LnG the Covered (level 4, -4/40 HPs)
             Began as a Hill Orc Fighter on Sept 7, 2022.
             Slain by a worm (6 damage)
             ... on level 3 of the Dungeon.
             The game lasted 00:02:31 (1953 turns).

LnG the Covered (Hill Orc Fighter)                  Turns: 1953, Time: 00:02:32

Health: -4/40      AC:  7    Str: 20    XL:     4   Next: 2%
Magic:  4/4        EV:  9    Int:  8    God:
Gold:   114        SH:  4    Dex: 10    Spells: 3/3 levels left

rFire   . . .      SeeInvis .    a - +0 war axe
rCold   . . .      Faith    .    c - +0 buckler
rNeg    . . .      Spirit   .    b - +0 scale mail
rPois   +          Reflect  .    (no helmet)
rElec   .          Harm     .    (no cloak)
rCorr   .          Rampage  .    (no gloves)
Will    .....                    (no boots)
Stlth   ..........               (no amulet)
HPRegen 0.13/turn                e - ring of flight
MPRegen 0.09/turn                n - ring of poison resistance

@: flying
A: no striking features
a: no special abilities


You were on level 3 of the Dungeon.
You visited 1 branch of the dungeon, and saw 3 of its levels.

You collected 114 gold pieces.

Inventory:

Hand Weapons
 a - a +0 war axe (weapon)
Armour
 b - a +0 scale mail (worn)
 c - a +0 buckler (worn)
Jewellery
 e - a ring of flight (left hand)
 n - a ring of poison resistance (right hand)
Scrolls
 f - 2 scrolls of identify {unknown}
 g - 3 scrolls of blinking {unknown}
 i - a scroll of silence {unknown}
 j - 4 scrolls of teleportation {unknown}
 k - a scroll of enchant weapon {unknown}
 m - 2 scrolls of butterflies {unknown}
 o - a scroll of magic mapping {unknown}
Potions
 d - a potion of might
 h - 2 potions of brilliance {unknown}
 l - a potion of berserk rage {unknown}


   Skills:
 + Level 4.0 Fighting
 + Level 4.0 Axes
 + Level 4.0 Armour
 + Level 0.3 Dodging
 + Level 3.5 Shields


You had 3 spell levels left.
You didn't know any spells.
Your spell library contained the following spells:

 Spells                   Type           Power      Damage    Failure   Level
 Poisonous Vapours        Pois/Air       0%         N/A       94%         2
 Corpse Rot               Necr/Pois/Air  0%         N/A       100%        4
 Ice Form                 Ice/Tmut       0%         N/A       100%        4
 Metabolic Englaciation   Hex/Ice        0%         N/A       100%        5
 Simulacrum               Ice/Necr       0%         N/A       100%        6


Dungeon Overview and Level Annotations

Branches:
Dungeon (3/15)

Altars:

Shops:
D:2 (


Message History

Your Fighting skill increases to level 4!
You have reached level 4!
You hit the iguana.
The iguana is heavily wounded.
You closely miss the giant cockroach. You block the giant cockroach's attack.
The iguana bites you but does no damage.
The giant cockroach bites you. The iguana bites you!
* * * LOW HITPOINT WARNING * * *
You are too injured to fight recklessly!
You are too injured to fight recklessly!
You are too injured to fight recklessly!
You are too injured to fight recklessly!
You are too injured to fight recklessly!
You are too injured to fight recklessly!
You are too injured to fight recklessly!
You are too injured to fight recklessly!
You are too injured to fight recklessly!
You are too injured to fight recklessly!
You are too injured to fight recklessly!
You are too injured to fight recklessly!
You are too injured to fight recklessly!
You are too injured to fight recklessly!
You hit the iguana.
The iguana is severely wounded.
You barely miss the giant cockroach. The giant cockroach bites you.
* * * LOW HITPOINT WARNING * * *
The iguana bites you but does no damage.
You closely miss the iguana.
The iguana is severely wounded.
You hit the worm. You slash the giant cockroach!
You kill the giant cockroach!
The iguana bites you.
* * * LOW HITPOINT WARNING * * *
You block the worm's attack.
You barely miss the iguana.
The iguana is severely wounded.
You hit the worm.
The iguana bites you but does no damage.
The iguana barely misses you. The worm bites you.
You die...

..........#
#..........
#..........
########..........
..................
..................
#.<.....w†l.....#
#........@.....#
##.........†#####
...............#
...###<######.#
#..$....# #
#.#####.. #.(.
#...# #####


You could see a worm and an iguana.

Vanquished Creatures
  2 worms (D:2)
  2 dart slugs (D:1)
  7 bats
  3 endoplasms
  4 giant cockroaches
  3 goblins
  3 hobgoblins (D:1)
  3 jackals (D:3)
  2 quokkas
  5 ball pythons
  A frilled lizard (D:2)
  5 kobolds
  3 rats (D:2)
43 creatures vanquished.

Notes
Turn   | Place    | Note
-------+----------+-------------------------------------------
     0 | D:1      | LnG the Hill Orc Fighter began the quest for the Orb.
     0 | D:1      | Reached XP level 1. HP: 19/19 MP: 1/1
   164 | D:1      | Reached XP level 2. HP: 23/27 MP: 2/2
   693 | D:1      | Reached XP level 3. HP: 33/33 MP: 3/3
   964 | D:1      | Got the Incunabulum of the Snowflakes
  1073 | D:2      | Found Usougha's Weapon Emporium.
  1950 | D:3      | Reached XP level 4. HP: 21/40 MP: 4/4
  1952 | D:3      | HP: 2/40 [iguana (4)]
  1953 | D:3      | Slain by a worm

Illustrated notes

Levels and vault maps discovered:
D:1:      minmay_arrival_four_houses, layout_rooms, corner_web_ring
D:2:      layout_loops_ring, serial_shops, shop
D:3:      layout_rooms, nicolae_dithmenos_through_a_glass_darkly,
          hellmonk_ecumenical_altar_defaced_shrine, kennysheep_generic_room_16

Skill      XL: |  1  2  3 |
---------------+----------+-----
Axes           | 3 4 |  4.0
Armour         | 4 |  4.0
Fighting       | 4 |  4.0
Dodging        | |  0.3
Shields        | |  3.5

Action                   |  1- 3 |  4- 6 || total
-------------------------+-------+-------++-------
Melee: War axe           |   130 |     4 ||   134
Armor: Scale mail        |    67 |     3 ||    70
Dodge: Dodged            |    69 |     1 ||    70
Block: Buckler           |    36 |     2 ||    38

Table legend: (Time is in decaauts)
 A = Elapsed time spent in this place.
 B = Non-inter-level travel time spent in this place.
 C = Inter-level travel time spent in this place.
 D = Time resting spent in this place.
 E = Time spent auto-exploring this place.
 F = Levels seen in this place.
 G = Mean time per level.
                   A        B        C        D        E       F      G
               +--------+--------+--------+--------+--------+-----+--------+
         Total |   2001 |   1974 |     27 |     81 |   1511 |   3 |  667.0 |
       Dungeon |   2001 |   1974 |     27 |     81 |   1511 |   3 |  667.0 |
               +--------+--------+--------+--------+--------+-----+--------+

Top non-repeatable levels by time:
     D:1: 1054 daAuts
     D:2: 932 daAuts
     D:3: 14 daAuts
